AoeStats
← Safe

Arena

509638479Analyzed
1v1 RM · 5d ago on Sep 27, 2026· 37m 48s· 2 players
Game mode
Random Map
Map size
Tiny (2 player)
Population
200
Speed
Normal
Resources
Standard
Victory
Conquest
Starting age
Dark Age
Ending age
Imperial Age
RankedLock teamsTeams togetherTeam positionsShared explorationLock speedFull tech treeHidden civsTurbo modeCheats
Victory
Defeat
🇨🇳 Burgundians · China
907
+15
🇩🇪 Burgundians · Germany
886
-15
Safe
3:20 Double-Bit Axe
11:15 Feudal Age
10:06 Horse Collar
15:38 Castle Age
14:21 Bow Saw
17:56 Gold Mining
19:43 Gold Shaft Mining
21:18 Wheelbarrow
26:16 Imperial Age
23:50 Stone Mining
25:35 Stone Shaft Mining
25:29 Heavy Plow
26:05 Hand Cart
27:40 Squires
27:26 Arson
27:01 Pikeman
28:21 Crop Rotation
28:10 Husbandry
27:31 Cavalier
29:10 Scale Barding Armor
29:16 Forging
29:10 Scale Mail Armor
29:04 Halberdier
30:25 Paladin
32:56 Iron Casting
32:37 Chain Mail Armor
35:55 Chain Barding Armor
36:07 Plate Mail Armor
F22KillSu57
3:44 Double-Bit Axe
6:43 Horse Collar
8:43 Gold Mining
11:13 Feudal Age
15:02 Castle Age
13:49 Bow Saw
14:07 Heavy Plow
16:36 Wheelbarrow
18:31 Hand Cart
20:32 Loom
20:32 Town Watch
21:55 Stone Mining
28:20 Imperial Age
27:20 Two-Man Saw
27:11 Crop Rotation
27:06 Guilds
27:24 Scale Barding Armor
27:34 Forging
27:07 Treadmill Crane
28:15 Gold Shaft Mining
28:15 Stone Shaft Mining
29:00 Chain Barding Armor
29:17 Husbandry
29:53 Iron Casting
29:57 Conscription
30:42 Chemistry
30:18 Plate Barding Armor
29:55 Burgundian Vineyards
29:19 Light Cavalry
31:41 Blast Furnace
31:09 Fortified Wall
31:00 Town Patrol
32:04 Fletching
32:18 Padded Archer Armor
32:47 Scale Mail Armor
33:07 Masonry
33:17 Ballistics
33:05 Elite Coustillier
34:05 Herbal Medicine
35:06 Chain Mail Armor
34:53 Squires
34:38 Arson
34:14 Pikeman
35:07 Capped Ram
35:11 Man-at-Arms
36:25 Halberdier
36:26 Long Swordsman
38:00 Architecture
Connection lost

Rejoining the realm…

Still unreachable

The connection could not be restored.

Session expired

The server has moved on; the page needs a fresh start.